 Dungeon Crawl Stone Soup version 0.30.1-3-gfc49f6343a (webtiles) character file.

Game seed: 1039529419304426584

2270 javelincjr the Trooper (level 9, -3/65 (71) HPs)
             Began as a Demonspawn Fighter on July 20, 2023.
             Was a Priest of Okawaru.
             Slain by a wight
             ... wielding a +0 halberd
              (4 damage)
             ... on level 7 of the Dungeon.
             The game lasted 00:20:27 (6365 turns).

javelincjr the Trooper (Demonspawn Fighter)         Turns: 6365, Time: 00:20:29

HP:   -3/65 (71)    AC: 20    Str: 21    XL:     9   Next: 16%
MP:   9/9           EV:  6    Int: 10    God:    Okawaru [***...]
Gold: 278           SH:  9    Dex: 12    Spells: 8/8 levels left

rFire   . . .        o - +1 whip (drain)
rCold   + . .        c - +0 buckler
rNeg    . . .        n - +0 plate armour
rPois   .            (no helmet)
rElec   .            C - scarf {repulsion}
rCorr   .            (no gloves)
SInv    .            E - +0 pair of boots
Will    .....        (no amulet) Stlth
                     j - ring of protection from cold
HPRegen 0.30/turn    t - +4 ring of protection
MPRegen 0.11/turn

%: repel missiles
@: about to teleport, drained
A: icy blue scales 1, foul stench 2, condensation shield
a: Renounce Religion, Heroism


You were on level 7 of the Dungeon.
You worshipped Okawaru.
Okawaru was most pleased with you.
You visited 1 branch of the dungeon, and saw 7 of its levels.

You collected 278 gold pieces.

Inventory:

Hand Weapons
 a - a +0 trident
 o - a +1 whip of draining (weapon)
 B - a +4 flail
Missiles
 l - a boomerang (quivered)
 p - 12 poisoned darts
 J - 2 throwing nets
Armour
 b - a +0 scale mail
 c - a +0 buckler (worn)
 n - a +0 plate armour (worn)
 r - a +0 chain mail
 y - a +0 cloak
 C - a scarf of repulsion (worn)
 D - a +2 leather armour of poison resistance
 E - a +0 pair of boots (worn)
Jewellery
 j - a ring of protection from cold (left hand)
 t - a +4 ring of protection (right hand)
 K - a ring of magical power
Scrolls
 e - a scroll of teleportation
 h - 4 scrolls of identify
 i - 2 scrolls of magic mapping {unknown}
 k - a scroll of fear {unknown}
 q - a scroll of noise {unknown}
 s - 2 scrolls of acquirement
 v - a scroll of enchant armour {unknown}
 x - 2 scrolls of immolation {unknown}
 z - a scroll of fog {unknown}
 H - a scroll of blinking {unknown}
Potions
 d - 3 potions of might
 f - 3 potions of curing
 g - 4 potions of lignification
 m - a potion of mutation {unknown}
 u - a potion of degeneration {unknown}
 w - a potion of heal wounds {unknown}
 A - a potion of resistance {unknown}
 F - 2 potions of attraction {unknown}
 G - a potion of haste
 I - a potion of berserk rage {unknown}


   Skills:
 + Level 6.8 Fighting
 + Level 5.8 Polearms
 + Level 6.2 Armour
 + Level 6.1 Shields


You had 8 spell levels left.
You didn't know any spells.
Your spell library contained the following spells:

 Spells                   Type           Power      Damage    Failure   Level
 Magic Dart               Conj           0%         1d3       100%        1
 Searing Ray              Conj           0%         2d4       100%        2
 Static Discharge         Conj/Air       0%         2-2/arc   100%        2
 Dazzling Flash           Conj/Hex       0%         N/A       100%        3
 Volatile Blastmotes      Fire/Tloc      0%         2d10      100%        3
 Airstrike                Air            0%         2d(0-16)  100%        4
 Fulminant Prism          Conj/Hex       0%         3d5       100%        4
 Iskenderun's Mystic Bla  Conj/Tloc      0%         2d3       100%        4
 Borgnjor's Vile Clutch   Necr/Erth      0%         N/A       100%        5
 Starburst                Conj/Fire      0%         6d3       100%        6
 Animate Dead             Necr           Unusable   N/A       N/A         4
 Summon Lightning Spire   Summ/Air       Unusable   N/A       N/A         4
 Death Channel            Necr           Unusable   N/A       N/A         6

Dungeon Overview and Level Annotations

Branches:
Dungeon (7/15)             Temple (0/1) D:4

Altars:
Dithmenos
Hepliaklqana
Okawaru

Shops:
D:6 !


Innate Abilities, Weirdness & Mutations

You are partially covered in icy blue scales. (AC +2)
You sometimes emit foul miasma when damaged in melee.
A meltable shield of frost defends you. (SH +4)


Message History

The wight hits you but does no damage.
You hit the wight.
The wight is severely damaged.
The wight hits you with a +0 great sword!
You emit a cloud of foul miasma!
The wight completely misses you.
You completely miss the wight.
The wight is severely damaged.
The wight barely misses you. The wight hits you but does no damage.
You hit the wight but do no damage. You block the wight's attack.
The wight hits you but does no damage.
You hit the wight.
The wight is lightly damaged.
The wight hits you with a +0 great sword!
The wight hits you with a +0 halberd.
* * * LOW HITPOINT WARNING * * *
The wight completely misses you. You block the wight's attack.
You hit the wight.
The wight is lightly damaged.
You block the wight's attack. x2
The wight attacks as you move away! The wight barely misses you.
You block the wight's attack. The wight barely misses you.
The wight attacks as you move away! The wight barely misses you.
The wight attacks as you move away! The wight closely misses you.
As you read the scroll labelled WOEHOX CEMUBBY, it crumbles to dust.
It is a scroll of identify.
e - 2 scrolls of teleportation The wight hits you but does no damage.
As you read the scroll of teleportation, it crumbles to dust.
You feel strangely unstable. You block the wight's attack.
The wight hits you from afar with a +0 halberd!
* * * LOW HITPOINT WARNING * * *
You feel drained.
* * * LOW HITPOINT WARNING * * *
You closely miss the wight.
The wight is heavily damaged.
You block the wight's attack.
The wight hits you from afar with a +0 halberd!
* * * LOW HITPOINT WARNING * * *
You feel drained.
You die...

#.z.# #.# #...# #.######
#..### #######..##..##
##...###.............###
###.z......######...+.#
######z### #.###.#+# #z#
#.#.....# #z# #.'.....#
#@# ######.#.....# #.#
#....#####.#+# #.#
#..#.'...'.#.. #.#
#..###...##### #.#
#..#.......#.+ ..#
#..#'#...#+#.#
+####....#...#....
#[...####+##....
+.##.###...#....


You could see 3 wights.

Vanquished Creatures
  3 water moccasins (D:5)
  Duvessa (D:7)
  An ice beast (D:5)
  2 black bears
  2 ogres
  A centaur (D:4)
  3 bullfrogs
  A gnoll sergeant (D:6)
  3 wights
  Dowan (D:7)
  5 killer bees (D:4)
  A howler monkey (D:5)
  An electric eel (D:7)
  3 jellies
  3 hounds
  A sleepcap (D:4)
  Jessica (D:2)
  Natasha (D:3)
  3 iguanas
  7 gnolls
  6 adders
  2 ufetubi (D:5)
  2 worms (D:3)
  3 dart slugs
  7 orcs
  7 bats
  11 endoplasms
  4 giant cockroaches
  8 goblins
  10 hobgoblins
  6 quokkas
  9 ball pythons
  2 frilled lizards
  6 kobolds
  3 rats
130 creatures vanquished.

Notes
Turn   | Place    | Note
-------+----------+-------------------------------------------
     0 | D:1      | javelincjr the Demonspawn Fighter began the quest for the
                  | Orb.
     0 | D:1      | Reached XP level 1. HP: 18/18 MP: 1/1
   137 | D:1      | Gained mutation: You may rarely emit foul miasma when
                  | damaged in melee. [demonic ancestry]
   137 | D:1      | Reached XP level 2. HP: 24/24 MP: 2/2
   186 | D:1      | Found a faded altar of an unknown god.
   512 | D:1      | Reached XP level 3. HP: 16/29 MP: 3/3
   883 | D:2      | Noticed Jessica
   888 | D:2      | Killed Jessica
  1086 | D:2      | Reached XP level 4. HP: 29/35 MP: 4/4
  1556 | D:2      | Found an iron altar of Okawaru.
  1562 | D:2      | Became a worshipper of Warmaster Okawaru
  2269 | D:3      | Found a hazy altar of Hepliaklqana.
  2339 | D:3      | Noticed Natasha
  2348 | D:3      | Killed Natasha
  2349 | D:3      | Gained mutation: You are partially covered in icy blue
                  | scales. (AC +2) [demonic ancestry]
  2349 | D:3      | Reached XP level 5. HP: 29/42 MP: 5/5
  2666 | D:4      | Found a staircase to the Ecumenical Temple.
  2971 | D:4      | Noticed a black bear
  2981 | D:4      | Killed a black bear
  2982 | D:4      | Gained mutation: A meltable shield of frost defends you.
                  | (SH +4) [demonic ancestry]
  2982 | D:4      | Reached XP level 6. HP: 48/49 MP: 6/6
  3037 | D:4      | Reached * piety under Okawaru
  3518 | D:5      | Entered Level 5 of the Dungeon
  3541 | D:4      | Reached XP level 7. HP: 25/55 MP: 7/7
  3841 | D:5      | Reached ** piety under Okawaru
  3842 | D:5      | Reached skill level 5 in Fighting
  4043 | D:5      | Identified 3 scrolls of acquirement
  4043 | D:5      | Acquired a scarf of repulsion
  4085 | D:5      | Reached skill level 5 in Armour
  4085 | D:5      | Reached skill level 5 in Shields
  4085 | D:5      | Gained mutation: You sometimes emit foul miasma when
                  | damaged in melee. [demonic ancestry]
  4085 | D:5      | Reached XP level 8. HP: 58/63 MP: 8/8
  4745 | D:5      | Reached skill level 5 in Polearms
  5338 | D:6      | Reached *** piety under Okawaru
  5444 | D:6      | Found Uheziut's Distillery.
  5599 | D:6      | Reached XP level 9. HP: 45/71 MP: 9/9
  5827 | D:7      | Noticed Duvessa
  5827 | D:7      | Noticed Dowan
  5836 | D:7      | Killed Duvessa
  5841 | D:7      | Killed Dowan
  6140 | D:7      | Found a shadowy altar of Dithmenos.
  6365 | D:7      | HP: 1/67 [wight/+0 halberd (11)]
  6365 | D:7      | Slain by a wight

Illustrated notes

Levels and vault maps discovered:
D:1:      dpeg_arrival_rooms_with_view, layout_loops_ring,
          shapermc_ecumenical_altar_hornbeckon
D:2:      minmay_door_path, layout_loops_corners, basic_altar, minivault_5,
          uniq_jessica
D:3:      layout_loops_ring, lemuel_doored_altar, minmay_misc_feat_cross,
          uniq_natasha
D:4:      layout_basic, minmay_temple_entry_mist, kennysheep_potato
D:5:      layout_cave_pools, amcnicky_mini_pool_medium
D:6:      layout_basic, serial_shops, nicolae_shop_trees
D:7:      nicolae_cairo_tiling_large, layout_rooms, minitemple,
          nicolae_dithmenos_shadow_blocks, minmay_misc_feat_square,
          eino_curves_04, minmay_misc_feat_hallway, minivault_19,
          serial_bayou_lagoon_a, minmay_liquid_box, uniq_duvessa

Skill      XL: |  1  2  3  4  5  6  7  8  9 |
---------------+----------------------------+-----
Polearms       | 2 3 4 5 |  5.8
Armour         | 3 4 5 6 |  6.2
Shields        | 3 4 5 6 |  6.1
Fighting       | 4 5 6 |  6.8

Action                     |  1- 3 |  4- 6 |  7- 9 || total
---------------------------+-------+-------+-------++-------
  Melee: Trident           |   123 |    36 |       ||   159
         Whip              |       |   150 |   313 ||   463
  Throw: Dart              |       |     2 |       ||     2
         Boomerang         |       |     1 |     7 ||     8
    Use: Potion            |       |     2 |       ||     2
         Scroll            |       |       |     3 ||     3
 Armour: Scale mail        |    40 |    32 |       ||    72
         Chain mail        |       |    97 |   149 ||   246
         Skin              |       |     9 |     3 ||    12
         Plate armour      |       |       |    67 ||    67
  Dodge: Dodged            |    33 |    83 |    99 ||   215
         Repelled          |       |       |     3 ||     3
  Block: Buckler           |    15 |    89 |   161 ||   265
